 Dungeon Crawl Stone Soup version 0.27.1-4-g1640c2035a (webtiles) character file.

Game seed: 8526382429008491738

78 DearestLeader the Chiller (level 4, -1/30 HPs)
             Began as a Merfolk Ice Elementalist on Nov 5, 2021.
             Slain by Grinder (2 damage)
             ... on level 3 of the Dungeon on Nov 9, 2021.
             The game lasted 00:03:48 (2849 turns).

DearestLeader the Chiller (MfIE)                    Turns: 2849, Time: 00:03:49

Health: -1/30      AC:  3    Str:  8    XL:     4   Next: 36%
Magic:  2/7        EV: 13    Int: 15    God:
Gold:   102        SH:  0    Dex: 14    Spells: 3/7 levels left

rFire    . . .     SeeInvis .   g - +2 whip (holy)
rCold    . . .     Faith    .   (no shield)
rNeg     . . .     Spirit   .   a - +0 robe
rPois    .         Reflect  .   (no helmet)
rElec    .         Harm     .   (no cloak)
rCorr    .         Rampage  .   c - +0 pair of gloves
Will     +....                  (no boots)
Stlth    ++........             (no amulet)
HPRegen  0.10/turn              e - ring of willpower
MPRegen  0.10/turn              (no ring)

@: no status effects
A: (nimble swimmer 2), mertail
a: no special abilities


You were on level 3 of the Dungeon.
You visited 1 branch of the dungeon, and saw 3 of its levels.

You collected 102 gold pieces.

Inventory:

Hand Weapons
 d - a +0 club
 g - a +2 whip of holy wrath (weapon)
Armour
 a - a +0 robe (worn)
 c - a +0 pair of gloves (worn)
 i - a +0 leather armour
Jewellery
 e - a ring of willpower (left hand)
Scrolls
 b - 2 scrolls of silence {unknown}
 h - a scroll of enchant weapon {unknown}
 l - 2 scrolls of identify {unknown}
Potions
 f - a potion of curing {unknown}
 j - a potion of heal wounds {unknown}
 k - 2 potions of resistance {unknown}
 m - a potion of invisibility {unknown}
 n - a potion of degeneration {unknown}


   Skills:
 - Level 4.0 Dodging
 - Level 2.1 Stealth
 - Level 2.0 Spellcasting
 * Level 5.7 Ice Magic


You had 3 spell levels left.
You knew the following spells:

 Your Spells              Type           Power      Damage    Failure   Level
a - Freeze                Ice            72%        1d9       1%          1
b - Frozen Ramparts       Ice            36%        1d5       6%          3

Your spell library contained the following spells:

 Spells                   Type           Power      Damage    Failure   Level
 Ozocubu's Armour         Ice            18%        N/A       6%          3
 Animate Skeleton         Necr           2%         N/A       22%         1
 Pain                     Necr           4%         1d4       22%         1
 Vampiric Draining        Necr           0%         2d6       54%         3
 Hailstorm                Conj/Ice       10%        3d5       56%         4


Dungeon Overview and Level Annotations

Branches:
Dungeon (3/15)

Altars:
Wu Jian

Shops:
D:2 *

Annotations:
D:3 Grinder


Innate Abilities, Weirdness & Mutations

((You are quick and stealthy near water. (Stealth+, EV+, Speed+++)))
Your lower body shifts to a powerful aquatic tail in water.


Message History

Grinder is moderately wounded.
Grinder completely resists.
The wall freezes Grinder but does no damage.
Grinder gestures at you. Pain shoots through your body!
You closely miss Grinder.
Grinder is moderately wounded.
The frozen ramparts melt away.
Grinder says, "At least Makhleb appreciates what I'm doing."
Grinder barely misses you.
You barely miss Grinder.
Grinder is moderately wounded.
Grinder zaps a wand.
You resist with almost no effort.
You whack Grinder!
Grinder convulses.
Grinder is heavily wounded.
Grinder misses you.
You hit Grinder.
Grinder convulses.
Grinder is heavily wounded.
Grinder gestures at you.
You easily resist.
You hit Grinder but do no damage.
Grinder is heavily wounded.
Grinder gestures at you.
You easily resist.
You closely miss Grinder.
Grinder is heavily wounded.
Grinder misses you.
You closely miss Grinder.
Grinder is heavily wounded.
Grinder hits you.
* * * LOW HITPOINT WARNING * * *
You hit Grinder.
Grinder convulses.
Grinder is severely wounded.
Grinder misses you.
You hit Grinder.
Grinder convulses.
Grinder is almost dead.
Grinder closely misses you. Grinder hits you!
* * * LOW HITPOINT WARNING * * *
You writhe in agony.
You die...

.#.# #.....#####.###### #
...# ##......#...# ...#
..[##########....>..#...#
._.
..............(...###.###
#.#
##†......##.........#.#
#.#
#######............#.#
#.## ####.........#.#
#.## ##........#.#####
#.##
##..5@...#.#.....##.##
##.######)# #..<...
#.#......# #######
#.#.###### #.#.# #5#.#
#######...# ..5...).###
##.######


You could see Grinder.

Vanquished Creatures
  Terence (D:3)
  2 adders (D:3)
  A dart slug (D:1)
  5 bats
  An endoplasm (D:2)
  2 giant cockroaches (D:3)
  4 goblins
  4 hobgoblins
  3 jackals (D:2)
  3 kobolds
  3 ball pythons
  A frilled lizard (D:2)
  3 rats (D:1)
33 creatures vanquished.

Notes
Turn   | Place    | Note
-------+----------+-------------------------------------------
     0 | D:1      | DearestLeader the Merfolk Ice Elementalist began the quest
                  | for the Orb.
     0 | D:1      | Reached XP level 1. HP: 13/13 MP: 3/3
   231 | D:1      | Found a faded altar of an unknown god.
   311 | D:1      | Reached XP level 2. HP: 19/19 MP: 3/5
   914 | D:2      | Found Nosyoseg's General Store.
  1160 | D:2      | Reached skill level 5 in Ice Magic
  1634 | D:2      | Reached XP level 3. HP: 24/24 MP: 6/6
  1638 | D:2      | Learned a level 3 spell: Frozen Ramparts
  1996 | D:3      | Found an ornate altar of the Wu Jian Council.
  2814 | D:3      | Noticed Terence
  2818 | D:3      | Noticed Grinder
  2820 | D:3      | Killed Terence
  2821 | D:3      | Reached XP level 4. HP: 23/30 MP: 2/7
  2849 | D:3      | HP: 1/30 [Grinder (8)]
  2849 | D:3      | Slain by Grinder

Illustrated notes

Levels and vault maps discovered:
D:1:      dpeg_arrival_pits, layout_basic, ebering_ecumenical_altar_box
D:2:      layout_basic, serial_shops, shop
D:3:      layout_loops_ring, pdpol_wu_jian_five_deadly_venoms,
          serial_co_window_serial, co_window_corner_a, co_window_paths_a,
          co_window_of_opportunity_a, co_window_paths_b, co_window_corner_a,
          co_window_paths_a, co_window_paths_b, co_window_cross_3,
          co_window_corner_ca, co_window_corner_b, co_window_4corner_a,
          glass_columns_a, serial_shops, shop, uniq_terence, uniq_grinder

Skill      XL: |  1  2  3 |
---------------+----------+-----
Dodging        | 3 4 |  4.0
Ice Magic      | 5 |  5.7
Stealth        | |  2.1
Spellcasting   | |  2.0

Action                   |  1- 3 |  4- 6 || total
-------------------------+-------+-------++-------
Melee: Unarmed           |    11 |       ||    11
       Whip              |    90 |    13 ||   103
       Club              |     7 |       ||     7
 Cast: Freeze            |    18 |       ||    18
       Frozen Ramparts   |     4 |     1 ||     5
 Stab: Sleeping          |     7 |       ||     7
Armor: Robe              |    33 |       ||    33
Dodge: Dodged            |   100 |     6 ||   106
